Map: Acid Plant LE

Players

Zionix

  • Race: Zerg Zerg
  • League: Diamond
  • Spawn Location: 5:00

axu - Winner!

  • Race: Protoss Protoss
  • League: Platinum
  • Spawn Location: 11:00

VOD

Have the link to the VOD?

Description

Time

  • Played on: May 5, 2018, 5:56 a.m.
  • Length: 14:49
Show
View Real Time Build Order
Export as new Build Order

Zionix Zerg 

Build Orders: 3 Hatch before Pool, Lurkers 

Get SALT Encoding   

  12  0:01  Drone  
  13  0:12  Overlord  
  13  0:17  Drone  
  14  0:32  Drone x2  
  14  0:34  Drone  
  17  0:54  Hatchery  
  16  0:59  Drone  
  17  1:06  Drone  
  17  1:08  Drone  
  19  1:29  Hatchery  
  19  1:30  Drone  
  19  1:33  Drone  
  20  1:47  Drone  
  20  1:49  Spawning Pool  
  20  1:54  Drone  
  21  2:04  Drone  
  22  2:12  Drone x2  
  24  2:23  Overlord x2  
  24  2:29  Drone  
  25  2:35  Queen  
  27  2:40  Queen  
  27  2:41  Queen  
  27  2:43  Drone x2  
  33  2:45  Drone  
  33  2:47  Drone  
  33  2:49  Drone  
  36  2:53  Extractor  
  36  2:55  Drone, Extractor  
  36  2:56  Drone  
  36  3:00  Drone  
  36  3:03  Drone  
  38  3:08  Drone  
  39  3:15  Drone x2  
  41  3:22  Queen x2  
  41  3:23  Overlord  
  41  3:26  Drone  
  41  3:27  Drone  
  47  3:30  Overlord  
  47  3:54  Extractor  
  47  3:55  Drone x8, Extractor  
  52  3:56  Drone x3  
  56  4:09  Lair  
  56  4:16  Evolution Chamber  
  55  4:17  Evolution Chamber  
  55  4:18  Drone  
  55  4:19  Drone x6  
  55  4:20  Roach Warren  
  60  4:24  Spore Crawler  
  60  4:28  Spore Crawler  
  58  4:35  Drone x3  
  58  4:36  Spore Crawler, Drone x2  
  58  4:37  Drone  
  62  5:03  Zerg Ground Armor Level 1, Zerg Missile Weapons Level 1  
  62  5:05  Drone  
  62  5:06  Drone x3  
  66  5:10  Glial Reconstitution  
  66  5:25  Overlord x5  
  66  5:26  Overlord x3  
  64  5:32  Hydralisk Den  
  59  5:49  Roach  
  59  5:50  Roach x8  
  69  6:12  Roach x3  
  69  6:13  Roach x2  
  74  6:27  Roach  
  74  6:28  Roach x4  
  64  6:57  Roach x2  
  63  7:29  Drone x7  
  71  7:30  Drone x2  
  71  7:35  Queen  
  74  7:57  Drone x2  
  74  7:58  Drone x4  
  80  8:01  Extractor  
  80  8:02  Overlord  
  80  8:03  Overlord x2  
  79  8:10  Zerg Missile Weapons Level 2  
  79  8:20  Queen, Extractor x2  
  79  8:27  Hydralisk x2  
  83  8:40  Grooved Spines  
  83  8:43  Drone x3  
  83  8:44  Drone x5  
  91  9:01  Hydralisk x7  
  91  9:02  Hydralisk  
  107  9:05  Hydralisk  
  109  9:19  Spine Crawler  
  109  9:20  Spine Crawler x3  
  109  9:24  Hydralisk x6  
  117  9:43  Drone x8  
  117  9:44  Drone x5  
  117  9:45  Drone  
  131  10:15  Hydralisk x2  
  131  10:16  Hydralisk x8  
  131  10:17  Hydralisk  
  102  10:47  Zergling x2  
  102  10:48  Zergling x22  
  70  11:04  Hydralisk x3  
  76  11:31  Zerg Ground Armor Level 2  
  76  11:32  Zerg Melee Weapons Level 1  
  76  11:33  Hatchery  
  76  11:35  Metabolic Boost  
  75  11:44  Hatchery  
  74  12:11  Spore Crawler  
  73  12:24  Hatchery  
  73  12:29  Lurker Den  
  71  12:32  Drone x2  
  71  12:33  Infestation Pit, Drone x7  
  71  12:34  Drone x7  
  71  12:35  Drone x2  
  88  12:39  Extractor  
  88  12:41  Spore Crawler  
  86  13:03  Queen  
  88  13:09  Extractor  
  88  13:11  Drone x2  
  88  13:12  Drone x8  
  97  13:13  Drone x3  
  97  13:14  Extractor  
  97  13:19  Hive  
  99  13:20  Hydralisk x3  
  99  13:21  Hydralisk x4  
  113  13:40  Roach, Hydralisk x2  
  113  13:41  Roach x2, Hydralisk x3  
  129  13:53  Hydralisk x5  
  129  13:54  Hydralisk  
  115  14:15  Hydralisk  
  115  14:16  Hydralisk x7  
  120  14:20  Lurker x5  
  120  14:21  Lurker x5  
  130  14:27  Roach x3  
Show
View Real Time Build Order
Export as new Build Order

axu Protoss - Winner!

Build Orders: 1 Gate Expand 

Get SALT Encoding   

  12  0:00  Probe  
  13  0:13  Probe  
  14  0:21  Pylon  
  14  0:25  Probe  
  15  0:39  Probe  
  15  0:40  Gateway  
  16  0:49  Probe  
  16  0:53  Assimilator  
  17  0:57  Probe  
  18  1:05  Probe  
  19  1:22  Probe  
  20  1:35  Nexus  
  20  1:40  Assimilator  
  20  1:55  Cybernetics Core  
  20  2:00  Probe  
  21  2:12  Probe  
  21  2:15  Pylon  
  22  2:25  Probe  
  23  2:33  Adept, Warp Gate  
  23  2:35  Pylon  
  23  2:37  Probe  
  26  2:47  Probe  
  26  2:49  Probe  
  28  2:53  Stargate  
  28  2:59  Probe  
  28  3:00  Twilight Council  
  28  3:03  Adept  
  31  3:11  Gateway, Probe  
  31  3:12  Probe  
  33  3:24  Probe x2  
  35  3:27  Forge  
  35  3:36  Probe x2  
  35  3:38  Resonating Glaives  
  37  3:48  Probe x2  
  39  3:55  Gateway  
  39  3:58  Gateway  
  39  4:00  Gateway  
  39  4:02  Probe x2  
  41  4:09  Gateway  
  41  4:15  Probe x2  
  43  4:21  Pylon  
  43  4:24  Pylon  
  43  4:27  Probe x2  
  45  5:05  Pylon  
  45  5:07  Adept x5, Pylon  
  47  5:08  Adept  
  57  5:31  Adept  
  57  5:32  Adept x4  
  57  5:33  Adept  
  69  5:52  Adept x2  
  69  5:53  Adept x4  
  81  6:10  Robotics Facility  
  81  6:15  Templar Archives  
  81  6:24  Adept x2  
  63  6:49  Charge  
  61  6:58  Assimilator  
  51  7:02  Assimilator  
  51  7:04  Immortal  
  51  7:05  Shield Battery  
  51  7:07  Shield Battery  
  43  7:11  Zealot x2  
  43  7:13  Stalker x4  
  59  7:21  Probe x2  
  61  7:31  Immortal  
  61  7:33  Probe x2  
  67  7:54  Protoss Ground Weapons Level 1  
  67  8:03  Immortal  
  67  8:07  Zealot x6  
  83  8:22  Nexus  
  83  8:25  Pylon  
  83  8:28  Zealot  
  83  8:29  Pylon  
  83  8:30  Immortal  
  85  8:38  Pylon  
  85  8:42  Psionic Storm, Pylon  
  85  8:43  Pylon  
  85  8:45  Pylon  
  89  8:53  Assimilator  
  89  8:57  Assimilator  
  89  9:06  Immortal  
  93  9:11  Sentry x3  
  99  9:30  Probe x2  
  101  9:39  Zealot x2  
  101  9:40  Zealot x4  
  101  9:42  Probe x2  
  115  9:46  Immortal  
  115  9:48  Protoss Ground Armor Level 1  
  119  9:54  Probe  
  119  9:57  Probe  
  119  9:58  Probe  
  122  10:06  Probe  
  123  10:10  Probe x2  
  120  10:25  Observer  
  87  10:59  Immortal  
  91  11:13  Zealot  
  91  11:14  Zealot x4  
  101  11:22  Pylon  
  101  11:24  Pylon  
  101  11:26  Gateway  
  101  11:27  Gateway  
  101  11:31  Gateway, Immortal  
  101  11:32  Protoss Ground Weapons Level 2  
  101  11:36  Gateway  
  101  11:37  Gateway  
  105  11:48  Pylon  
  105  11:51  Pylon  
  105  11:53  Assimilator  
  105  11:55  Pylon  
  105  11:57  Assimilator  
  105  12:02  High Templar x2  
  105  12:03  High Templar x3  
  105  12:07  Immortal  
  119  12:40  Nexus  
  119  12:46  Immortal  
  119  12:47  High Templar x5  
  133  12:56  Archon x2  
  133  13:05  Zealot x2  
  133  13:06  Zealot x3  
  143  13:18  Shield Battery  
  143  13:19  Shield Battery  
  143  13:21  Shield Battery  
  143  13:24  Photon Cannon x2  
  143  13:26  Immortal, Photon Cannon  
  147  13:29  Photon Cannon  
  147  13:47  Zealot x2  
  147  13:48  Zealot x3  
  153  13:49  Zealot x5  
  138  14:19  Zealot x2  
  138  14:20  Zealot x6  
  138  14:21  Zealot x2  
Tags
 
Add a new tag
Caveats
  • Supply blocks, unpowered buildings, or Contaminate may cause inaccurate times.
  • Supply counts are checked every 10 seconds.